 Dungeon Crawl Stone Soup version 0.32-a0-599-gba8f9cf90e (webtiles) character file.

Game seed: 2220612650155579081

261 porpoise the Poker (level 5, -6/41 HPs)
             Began as a Demonspawn Gladiator on Mar 3, 2024.
             Was an Initiate of Fedhas.
             Mangled by Natasha (10 damage)
             ... on level 2 of the Dungeon.
             The game lasted 00:04:49 (1691 turns).

porpoise the Poker (Demonspawn Gladiator)           Turns: 1691, Time: 00:04:51

Health: -6/41      AC:  0    Str: 16    XL:     5   Next: 96%
Magic:  7/7        EV: 15    Int:  9    God:    Fedhas [......]
Gold:   116        SH:  0    Dex: 14    Spells: 4/4 levels left

rFire   . . .        a - melded +0 trident
rCold   . . .        (shield currently unavailable)
rNeg    . . .        c - melded +0 ring mail
rPois   .            (helmet currently unavailable)
rElec   .            (cloak currently unavailable)
rCorr   .            (gloves currently unavailable)
SInv    .            (boots currently unavailable)
Will    .....        (no amulet)
Stlth   +            (ring currently unavailable)
HPRegen 0.26/turn    (ring currently unavailable)
MPRegen 0.10/turn

%: no passive effects
@: pig-form (expiring), attractive, very quick
A: fast, no casting, small, (horns 2)
a: Renounce Religion


You were on level 2 of the Dungeon.
You worshipped Fedhas.
Fedhas was noncommittal.
You were a filthy swine.
You visited 1 branch of the dungeon, and saw 2 of its levels.

You collected 116 gold pieces.

Inventory:

Hand Weapons
 a - a +0 trident (melded)
Missiles
 d - 3 throwing nets (quivered)
 e - a javelin
 n - 5 poisoned darts
Armour
 c - a +0 ring mail (melded)
Jewellery
 m - an amulet of guardian spirit
Scrolls
 f - 2 scrolls of teleportation {unknown}
 g - a scroll of amnesia {unknown}
 k - a scroll of immolation {unknown}
Potions
 b - a potion of enlightenment
 i - a potion of resistance {unknown}
 j - a potion of attraction
 l - a potion of lignification {unknown}
 o - a potion of heal wounds {unknown}


   Skills:
 + Level 3.6 Fighting
 * Level 4.7 Polearms
 - Level 1.9 Throwing
 - Level 2.8 Dodging
 + Level 3.0 Invocations


You had 4 spell levels left.
You didn't know any spells.
Your spell library contained the following spells:

 Spells                   Type           Power      Damage    Failure   Level
 Freeze                   Ice            0%         1d3       38%         1
 Frozen Ramparts          Ice            0%         1d1       77%         3
 Hailstorm                Conj/Ice       0%         3d5       77%         3


Dungeon Overview and Level Annotations

Branches:
Dungeon (2/15)

Altars:
Fedhas

Annotations:
D:2 Natasha


Innate Abilities, Weirdness & Mutations

You are a filthy swine.
You move quickly.
Your equipment is almost entirely melded.
You are incapable of wielding weapons or throwing items.
You cannot cast spells.
((You have a pair of horns on your head.))


Message History

The magic dart hits you.
The cerulean imp hits you from afar with a +0 spear.
* * * LOW HITPOINT WARNING * * *
You feel better. Natasha barely misses you.
The cerulean imp closely misses you.
It was a potion of attraction.
You feel attractive to monsters. Natasha completely misses you.
The cerulean imp misses you.
Okay, then.
You hit Natasha.
Natasha is heavily wounded.
Your transformation is almost over.
Natasha mumbles some strange words.
The cerulean imp hits you from afar with a +0 spear.
The cerulean imp is attracted toward you.
You hit Natasha.
Natasha is severely wounded.
Natasha closely misses you.
You hit Natasha but do no damage.
Natasha is severely wounded.
The cerulean imp hits you from afar with a +0 spear.
The cerulean imp hits you with a +2 spear.
* * * LOW HITPOINT WARNING * * *
Natasha mumbles some strange words.
You feel disoriented. Natasha claws you.
* * * LOW HITPOINT WARNING * * *
You hit Natasha but do no damage.
Natasha is severely wounded.
The cerulean imp closely misses you. The cerulean imp misses you.
Natasha barely misses you.
You hit Natasha.
Natasha is almost dead.
The cerulean imp misses you.
The cerulean imp hits you with a +2 spear.
* * * LOW HITPOINT WARNING * * *
Natasha claws you!
You die...
Natasha curls up and begins to purr.
Fedhas appreciates your contribution to the ecosystem.

..........# ##....♣#### #.....
..........## #..~)P....####.....
...).......## #.♣)♣~..P....#.....
............###♣~~~♣~...##.#.....
..........#..##.~♣~~♣....#.#.....
#.........##.....~~~♣~P..#.'.....
##############...~~~~~...###.....
##Ph5.~...#.........
##hP5♣..♣#####.....
###.....+#####.....
#...PP......##.....
#.....P♣..#..####..
#.........##.## #..
###.........##..# #..
####...........###.# #.P
#..............# #.# #.P
#..............# #.# #..


You could see Natasha and 2 cerulean imps.

Vanquished Creatures
  Sigmund (D:2)
  Natasha (twice) (D:2)
  An adder (D:2)
  2 dart slugs (D:1)
  A ribbon worm (D:2)
  A ball python (D:2)
  6 endoplasms
  2 giant cockroaches (D:1)
  5 goblins
  5 hobgoblins
  6 kobolds
  2 bats (D:1)
  2 frilled lizards
  2 rats (D:1)
38 creatures vanquished.

Notes
Turn   | Place    | Note
-------+----------+-------------------------------------------
     0 | D:1      | porpoise the Demonspawn Gladiator began the quest for the
                  | Orb.
     0 | D:1      | Reached XP level 1. HP: 16/16 MP: 1/1
   308 | D:1      | Gained mutation: You have a pair of small horns on your
                  | head. [demonic ancestry]
   308 | D:1      | Reached XP level 2. HP: 22/22 MP: 2/2
   349 | D:1      | Reached skill level 3 in Polearms
   862 | D:2      | Gained mutation: You have a pair of horns on your head.
                  | [demonic ancestry]
   862 | D:2      | Reached XP level 3. HP: 28/28 MP: 3/3
  1054 | D:2      | Found a blossoming altar of Fedhas.
  1063 | D:2      | Became a worshipper of Fedhas Madash
  1164 | D:2      | Noticed Natasha
  1171 | D:2      | Killed Natasha
  1172 | D:2      | Reached skill level 1 in Invocations
  1264 | D:2      | Reached XP level 4. HP: 34/34 MP: 4/4
  1385 | D:2      | Noticed Natasha
  1394 | D:2      | Killed Natasha
  1567 | D:2      | Noticed Sigmund
  1582 | D:2      | Killed Sigmund
  1583 | D:2      | Reached skill level 4 in Polearms
  1583 | D:2      | Reached XP level 5. HP: 35/41 MP: 5/7
  1669 | D:2      | Noticed Natasha
  1691 | D:2      | Mangled by Natasha

Illustrated notes

Levels and vault maps discovered:
D:1:      spicycebolla_arrival_clurvy, layout_loops_corners
D:2:      layout_basic, basic_altar, serial_bayou, serial_bayou_shore_b,
          serial_bayou_lagoon_a, serial_bayou_shore_a, serial_bayou_pond_a,
          uniq_natasha, uniq_sigmund

Skill      XL: |  1  2  3  4 |
---------------+-------------+-----
Polearms       | 3 4 |  4.7
Invocations    | 1 3 |  3.0
Fighting       | 3 |  3.6
Throwing       | |  1.9
Dodging        | |  2.8

Action                     |  1- 3 |  4- 6 || total
---------------------------+-------+-------++-------
  Melee: Trident           |    84 |    19 ||   103
         Headbutt          |    13 |     2 ||    15
         Unarmed           |       |    12 ||    12
    Use: Scroll            |     2 |       ||     2
         Potion            |       |     3 ||     3
 Armour: Leather armour    |     9 |       ||     9
         Ring mail         |    20 |     7 ||    27
         Skin              |       |    12 ||    12
  Dodge: Dodged            |    25 |    27 ||    52

Table legend: (Time is in decaauts)
 A = Elapsed time spent in this place.
 B = Non-inter-level travel time spent in this place.
 C = Inter-level travel time spent in this place.
 D = Time resting spent in this place.
 E = Time spent auto-exploring this place.
 F = Levels seen in this place.
 G = Mean time per level.
                   A        B        C        D        E       F      G
               +--------+--------+--------+--------+--------+-----+--------+
         Total |   1714 |   1684 |     30 |    185 |   1174 |   2 |  857.0 |
       Dungeon |   1714 |   1684 |     30 |    185 |   1174 |   2 |  857.0 |
               +--------+--------+--------+--------+--------+-----+--------+

Top non-repeatable levels by time:
     D:1: 861 daAuts
     D:2: 853 daAuts
